 Seeded DCSS version 0.30.0-5-g1a98f26d00 (webtiles) character file.

Game seed: 20230510 (custom seed)

630 Kazon the Conjurer (level 7, -2/48 HPs)
             Began as a Human Conjurer on May 10, 2023.
             Slain by a sky beast (5 damage)
             ... on level 4 of the Dungeon.
             The game lasted 00:29:52 (3980 turns).

Kazon the Conjurer (Human Conjurer)                 Turns: 3980, Time: 00:29:53

Health: -2/48      AC:  2    Str:  9    XL:     7   Next: 77%
Magic:  7/12       EV: 12    Int: 18    God:
Gold:   194        SH:  3    Dex: 12    Spells: 9/13 levels left

rFire   . . .        n - +2 whip (elec)
rCold   . . .        c - +0 buckler
rNeg    + . .        a - +0 robe
rPois   .            (no helmet)
rElec   .            (no cloak)
rCorr   .            (no gloves)
SInv    +            (no boots)
Will    .....        (no amulet)
Stlth   ++           f - ring of positive energy
HPRegen 0.28/turn    C - ring of see invisible
MPRegen 0.13/turn

%: no passive effects
@: very slightly contaminated
A: no striking features
a: no special abilities


You were on level 4 of the Dungeon.
You visited 1 branch of the dungeon, and saw 4 of its levels.
You also visited: Sewer.

You collected 194 gold pieces.

Inventory:

Hand Weapons
 d - a +2 whip of venom
 e - a +2 dagger of venom
 n - a +2 whip of electrocution (weapon)
Missiles
 g - 10 stones
 u - 4 atropa-tipped darts
 A - 2 boomerangs of dispersal
Armour
 a - a +0 robe (worn)
 c - a +0 buckler (worn)
Jewellery
 f - a ring of positive energy (left hand)
 C - a ring of see invisible (right hand)
 D - a ring of flight
Scrolls
 j - 5 scrolls of teleportation
 o - a scroll of blinking {unknown}
 p - 5 scrolls of identify {unknown}
 r - 2 scrolls of torment {unknown}
 t - 4 scrolls of enchant armour {unknown}
 x - a scroll of fear {unknown}
 y - a scroll of magic mapping {unknown}
 B - a scroll of brand weapon {unknown}
 E - a scroll of acquirement {unknown}
Potions
 b - 3 potions of magic
 h - 3 potions of flight {unknown}
 i - 3 potions of brilliance {unknown}
 k - 3 potions of curing {unknown}
 l - 3 potions of might {unknown}
 m - a potion of berserk rage {unknown}
 q - a potion of mutation {unknown}
 s - a potion of lignification {unknown}
 v - 3 potions of haste {unknown}
 w - 2 potions of heal wounds {unknown}
 z - 2 potions of ambrosia {unknown}


   Skills:
 + Level 1.0 Fighting
 * Level 0.6 Short Blades
 + Level 3.9 Maces & Flails
 + Level 0.4 Throwing
 + Level 2.8 Dodging
 + Level 3.8 Stealth
 + Level 0.1 Shields
 + Level 3.7 Spellcasting
 + Level 5.4 Conjurations


You had 9 spell levels left.
You knew the following spells:

 Your Spells              Type           Power      Damage    Failure   Level
a - Magic Dart            Conj           92%        1d7       2%          1
b - Searing Ray           Conj           46%        2d6       3%          2
c - Beastly Appendage     Tmut           6%         N/A       24%         1

Your spell library contained the following spells:

 Spells                   Type           Power      Damage    Failure   Level
 Sandblast                Erth           6%         2d5       24%         1
 Dazzling Flash           Conj/Hex       26%        N/A       24%         3
 Stone Arrow              Conj/Erth      26%        3d8       24%         3
 Passwall                 Tmut/Erth      2%         N/A       34%         2
 Wereblood                Tmut           3%         N/A       34%         2
 Spider Form              Tmut/Pois      3%         N/A       56%         3
 Fulminant Prism          Conj/Hex       6%         3d6       61%         4
 Iskenderun's Mystic Bla  Conj/Tloc      13%        2d5       61%         4
 Cause Fear               Hex            1%         N/A       93%         4
 Dragon Form              Tmut           1%         N/A       100%        7
 Dragon's Call            Summ           1%         N/A       100%        9


Dungeon Overview and Level Annotations

Branches:
Dungeon (4/15)              Sewer (visited)
 Temple: D:4-7

Altars:
Fedhas
Qazlal
Wu Jian


Message History

The sky beast is severely wounded.
The sky beast barely misses you.
You hit the sky beast but do no damage.
The sky beast is severely wounded.
The sky beast hits you. The sky beast shocks you.
* * * LOW HITPOINT WARNING * * *
Aiming: Magic Dart (safe; 2% risk of failure)
Press: ? - help, Q - select action, (/) - cycle Shift-Dir - straight line, f - sky beast
Aim: a sky beast (severely wounded, slightly transparent, 100% to hit)
The magic dart hits the sky beast but does no damage.
The sky beast is severely wounded.
The sky beast hits you.
* * * LOW HITPOINT WARNING * * *
The sky beast shocks you.
* * * LOW HITPOINT WARNING * * *
Aiming: Magic Dart (safe; 2% risk of failure)
Press: ? - help, Q - select action, (/) - cycle Shift-Dir - straight line, f/p - sky beast
Aim: a sky beast (severely wounded, slightly transparent, 100% to hit)
The magic dart hits the sky beast but does no damage.
The sky beast is severely wounded.
The sky beast completely misses you.
Aiming: Magic Dart (safe; 2% risk of failure)
Press: ? - help, Q - select action, (/) - cycle Shift-Dir - straight line, f/p - sky beast
Aim: a sky beast (severely wounded, slightly transparent, 100% to hit)
You miscast Magic Dart.
You are very lightly contaminated with residual magic.
Nothing appears to happen.
The sky beast hits you but does no damage.
Casting: Magic Dart (safe; 2% risk of failure)
Confirm with . or Enter, or press ? or * to list all spells.
Aiming: Searing Ray (safe; 3% risk of failure)
Press: ? - help, Shift-Dir - straight line, f/p - sky beast
Aim: a sky beast (severely wounded, slightly transparent, 69% to hit)
The searing ray hits the sky beast.
The sky beast is almost dead. (Press . to maintain the ray.)
The sky beast hits you.
* * * LOW HITPOINT WARNING * * *
The sky beast shocks you.
You die...

# ##########.#
#..........##
#.###........ #####
#.# #@##...##
#...####.###Y#. ..#
#..)............ #
#.##
####...##########..
#.#. #......<# #.
#... #>###.#.# .#
#... # #...# # #..
###.# ##+## ###.
#.# ##...## ###..#


You could see a sky beast (invisible).

Vanquished Creatures
  A black bear (D:4)
  2 bullfrogs (Sewer)
  A scorpion (D:4)
  An orc priest (D:3)
  An iguana (D:4)
  Natasha (D:4)
  2 orc wizards (D:3)
  7 river rats
  6 adders
  A worm (D:3)
  2 dart slugs
  5 orcs (D:3)
  10 endoplasms
  5 giant cockroaches
  8 goblins
  7 hobgoblins
  2 jackals (D:2)
  2 quokkas
  21 ball pythons
  2 bats (D:3)
  3 frilled lizards
  6 kobolds
  30 rats
126 creatures vanquished.

Notes
Turn   | Place    | Note
-------+----------+-------------------------------------------
     0 | D:1      | Kazon the Human Conjurer began the quest for the Orb.
     0 | D:1      | Reached XP level 1. HP: 13/13 MP: 3/3
   141 | D:1      | Reached XP level 2. HP: 7/19 MP: 0/5
   277 | D:1      | Found a faded altar of an unknown god.
   394 | D:1      | Reached XP level 3. HP: 24/24 MP: 3/6
   997 | D:2      | Learned a level 2 spell: Searing Ray
  1228 | D:3      | Reached XP level 4. HP: 30/30 MP: 7/7
  1299 | D:3      | Found a stormy altar of Qazlal.
  1303 | D:3      | Found a blossoming altar of Fedhas.
  1343 | D:3      | Found an ornate altar of the Wu Jian Council.
  1425 | D:3      | Found a glowing drain.
  1438 | Sewer    | Entered a sewer
  1550 | Sewer    | Reached skill level 1 in Maces & Flails
  1757 | Sewer    | Reached XP level 5. HP: 35/35 MP: 6/8
  2208 | Sewer    | Noticed a bullfrog
  2212 | Sewer    | Noticed a bullfrog
  2234 | Sewer    | Killed a bullfrog
  2235 | Sewer    | Reached skill level 5 in Conjurations
  2235 | Sewer    | Reached XP level 6. HP: 3/42 MP: 3/10
  2236 | Sewer    | HP: 2/42 [adder (2)]
  2846 | D:3      | Reached XP level 7. HP: 47/47 MP: 11/11
  3454 | D:4      | Noticed Natasha
  3466 | D:4      | Killed Natasha
  3567 | D:4      | Learned a level 1 spell: Beastly Appendage
  3657 | D:4      | Reached skill level 1 in Fighting
  3980 | D:4      | Slain by a sky beast

Illustrated notes

Levels and vault maps discovered:
D:1:      minmay_arrival_split_and_join, layout_rooms,
          hellmonk_ecumenical_altar_zigzags
D:2:      layout_rooms, roderic_lattice_a, kennysheep_generic_room_12
D:3:      layout_basic, grunt_temple_overflow_forces_of_nature,
          mainiacjoe_overflow_catwalk, cheibrodos_sewer_entry_sluice
D:4:      cheibrodos_old_hovel, layout_loops_corners, hex_large,
          minmay_misc_feat_roman, uniq_natasha

Skill      XL: |  1  2  3  4  5  6  7 |
---------------+----------------------+-----
Stealth        | 3 |  3.8
Maces & Flails | 1 2 3 |  3.9
Conjurations   | 5 |  5.4
Spellcasting   | 3 |  3.7
Fighting       | 1 |  1.0
Short Blades   | |  0.6
Throwing       | |  0.4
Dodging        | |  2.8
Shields        | |  0.1

Action                     |  1- 3 |  4- 6 |  7- 9 || total
---------------------------+-------+-------+-------++-------
  Melee: Whip              |    45 |    79 |    55 ||   179
         Kick              |       |       |     1 ||     1
         Headbutt          |       |       |     1 ||     1
  Throw: Stone             |     6 |    17 |       ||    23
   Cast: Magic Dart        |    34 |    82 |    30 ||   146
         Searing Ray       |       |     2 |     2 ||     4
         Beastly Appendage |       |       |     2 ||     2
    Use: Scroll            |       |     1 |       ||     1
   Stab: Sleeping          |    12 |     1 |     5 ||    18
 Armour: Robe              |     5 |    13 |     5 ||    23
  Dodge: Dodged            |    17 |    42 |    30 ||    89
  Block: Buckler           |     3 |     7 |     7 ||    17
